 Dungeon Crawl Stone Soup version 0.28-a0-957-g42eb19b844 (webtiles) character file.

Game seed: 13116439698505725192

617 bande the Chopper (level 7, -1/44 HPs)
             Began as a Gargoyle Fighter on Dec 1, 2021.
             Slain by Prince Ribbit (2 damage)
             ... on level 5 of the Dungeon.
             The game lasted 00:06:25 (3975 turns).

bande the Chopper (Gargoyle Fighter)                Turns: 3975, Time: 00:06:25

Health: -1/44      AC: 15    Str: 21    XL:     7   Next: 45%
Magic:  7/7        EV:  7    Int: 15    God:
Gold:   164        SH:  4    Dex:  9    Spells: 6/6 levels left

rFire   . . .      SeeInvis .   a - +0 war axe (drain)
rCold   . . .      Faith    .   c - +0 buckler
rNeg    + . .      Spirit   .   j - +0 chain mail
rPois   ∞          Reflect  .   g - +0 helmet
rElec   +          Harm     .   (no cloak)
rCorr   .          Rampage  .   (no gloves)
Will    .....                   (no boots)
Stlth   ..........              (no amulet)
HPRegen 0.14/turn               e - +6 ring of intelligence
MPRegen 0.10/turn               (no ring)

@: mighty
A: sickness immunity, AC +4, negative energy resistance 1, electricity
resistance, torment resistance 1, petrification resistance
a: no special abilities


You were on level 5 of the Dungeon.
You visited 1 branch of the dungeon, and saw 5 of its levels.

You collected 164 gold pieces.

Inventory:

Hand Weapons
 a - a +0 war axe of draining (weapon)
 f - a +2 flail of protection
Missiles
 h - 2 throwing nets (quivered)
Armour
 c - a +0 buckler (worn)
 g - a +0 helmet (worn)
 j - a +0 chain mail (worn)
Jewellery
 e - a +6 ring of intelligence (left hand)
Wands
 k - a wand of paralysis (10)
 m - a wand of digging (1)
 o - a wand of iceblast (6)
Scrolls
 b - a scroll of identify
 l - a scroll of teleportation
Potions
 i - 2 potions of magic
 n - a potion of berserk rage


   Skills:
 + Level 4.5 Fighting
 + Level 5.2 Axes
 + Level 4.7 Armour
 + Level 4.1 Shields
 * Level 2.1 Evocations


You had 6 spell levels left.
You didn't know any spells.
Your spell library contained the following spells:

 Spells                   Type           Power      Damage    Failure   Level
 Magic Dart               Conj           0%         1d3       93%         1
 Sting                    Tmut/Pois      0%         1d3       93%         1
 Call Imp                 Summ           0%         N/A       98%         2
 Ensorcelled Hibernation  Hex/Ice        0%         N/A       98%         2
 Poisonous Vapours        Pois/Air       0%         N/A       98%         2
 Mephitic Cloud           Conj/Pois/Air  0%         N/A       100%        3
 Tukima's Dance           Hex            0%         N/A       100%        3
 Olgreb's Toxic Radiance  Pois           0%         N/A       100%        4


Dungeon Overview and Level Annotations

Branches:
Dungeon (5/15)
 Temple: D:4-7

Altars:

Annotations:
D:5 Prince Ribbit


Innate Abilities, Weirdness & Mutations

You are immune to sickness and miasma.
Your stone body is resilient. (AC +4)
You are immune to poison.
You resist negative energy. (rN+)
You are resistant to electric shocks. (rElec)
You are resistant to unholy torment.
You are immune to petrification.


Message History

The adder is moderately wounded.
The adder bites you but does no damage. The adder barely misses you.
You slash the adder!
You kill the adder!
No target in view!
HP restored.
Things that are here:
a +4 trident of holy wrath; a +0 robe; the orc corpse of Blork the orc You see here an adder corpse.
You now have 164 gold pieces (gained 9).
Found a bardiche.
o - a wand of iceblast (6)
You see here a +0 bardiche.
Found 30 stones.
Prince Ribbit comes into view.
Found a white potion.
Prince Ribbit croaks.
Prince Ribbit hits you.
You miss Prince Ribbit. Prince Ribbit hits you!
You barely miss Prince Ribbit.
Prince Ribbit hits you but does no damage.
Prince Ribbit barely misses you.
You barely miss Prince Ribbit. Prince Ribbit hits you!
You block Prince Ribbit's attack.
You are too injured to fight recklessly!
You are too injured to fight recklessly!
You are too injured to fight recklessly!
You are too injured to fight recklessly!
You are too injured to fight recklessly!
You are too injured to fight recklessly!
You are too injured to fight recklessly!
You feel very mighty all of a sudden. Prince Ribbit hits you!
You miss Prince Ribbit. Prince Ribbit hits you.
* * * LOW HITPOINT WARNING * * *
Prince Ribbit blinks!
Prince Ribbit hits you!
* * * LOW HITPOINT WARNING * * *
You closely miss Prince Ribbit. Prince Ribbit hits you.
You die...

.... . ....#. ......
.....# #########
.....#..# #...#...#
.....#..+#####...(.#
.....#...##....F@..#
#..)..#..........##
##..####........#!...#
....†.....#####.######
.##.#..........##
.##.##.....#####
.##........#
'#####.....# ...#
#####.##


You could see Prince Ribbit.

Vanquished Creatures
  An ogre (D:5)
  Blork the orc (D:5)
  A scorpion (D:4)
  A water moccasin skeleton (D:4)
  A centaur skeleton (D:4)
  A jelly (D:4)
  2 iguanas
  A hound skeleton (D:4)
  Robin (D:4)
  8 gnolls
  5 adders
  A worm (D:2)
  A dart slug (D:2)
  3 orcs
  8 ball pythons
  3 bats
  5 endoplasms
  A giant cockroach (D:4)
  16 goblins
  10 hobgoblins
  10 jackals
  5 kobolds
  5 quokkas
  5 frilled lizards
  5 rats
101 creatures vanquished.

Vanquished Creatures (others)
  A demonspawn (D:1)
  An octopode (D:1)
  A gargoyle (D:1)
  2 vine stalkers (D:1)
  A merfolk (D:1)
  2 trolls (D:1)
  A demigod (D:1)
  A felid (D:1)
  An orc (D:1)
  A kobold (D:1)
  5 tentacles (D:1)
17 creatures vanquished.

Grand Total: 118 creatures vanquished

Notes
Turn   | Place    | Note
-------+----------+-------------------------------------------
     0 | D:1      | bande the Gargoyle Fighter began the quest for the Orb.
     0 | D:1      | Reached XP level 1. HP: 14/14 MP: 1/1
     0 | D:1      | Noticed a demigod
     0 | D:1      | Noticed an octopode
     0 | D:1      | Noticed a gargoyle
     0 | D:1      | Noticed a troll
     0 | D:1      | Noticed a merfolk
     0 | D:1      | Noticed a kraken
     0 | D:1      | Noticed a felid
     0 | D:1      | Noticed a demonspawn
     0 | D:1      | Noticed a vine stalker
     0 | D:1      | Noticed a vine stalker
     0 | D:1      | Noticed a troll
     8 | D:1      | Killed a vine stalker
     8 | D:1      | Killed a vine stalker
    10 | D:1      | Killed an octopode
    11 | D:1      | Killed a felid
    12 | D:1      | Killed a troll
    13 | D:1      | Killed a merfolk
    16 | D:1      | Killed a demonspawn
    18 | D:1      | Killed a demigod
    18 | D:1      | Killed a troll
    18 | D:1      | Killed a gargoyle
   192 | D:1      | Reached XP level 2. HP: 19/19 MP: 2/2
   287 | D:1      | Reached skill level 2 in Axes
   330 | D:1      | Reached XP level 3. HP: 23/23 MP: 3/3
  1088 | D:2      | Reached skill level 3 in Axes
  1088 | D:2      | Reached XP level 4. HP: 22/28 MP: 4/4
  1750 | D:2      | Found a faded altar of an unknown god.
  2017 | D:2      | Reached XP level 5. HP: 28/33 MP: 5/5
  2636 | D:3      | Reached skill level 4 in Axes
  2998 | D:4      | Reached XP level 6. HP: 31/38 MP: 6/6
  3019 | D:4      | Reached skill level 1 in Evocations
  3168 | D:4      | Noticed Robin
  3188 | D:4      | Killed Robin
  3522 | D:4      | Reached XP level 7. HP: 33/44 MP: 7/7
  3733 | D:5      | Entered Level 5 of the Dungeon
  3738 | D:5      | Reached skill level 5 in Axes
  3798 | D:5      | Noticed Blork the orc
  3806 | D:5      | Killed Blork the orc
  3967 | D:5      | Noticed Prince Ribbit
  3974 | D:5      | HP: 1/44 [Prince Ribbit (12)]
  3975 | D:5      | Slain by Prince Ribbit

Illustrated notes

Levels and vault maps discovered:
D:1:      nicolae_arrival_kraken_aquarium_a, layout_loops_cross,
          serial_bayou_pond_e, dk_noncrumbling_4
D:2:      layout_loops_corners, shapermc_ecumenical_altar_starsandcircs,
          minmay_tree_intersection, st_stairs_1, kennysheep_generic_room_11
D:3:      layout_rooms, kennysheep_minor_cross, minmay_pentomino_pile
D:4:      layout_rooms, uniq_robin
D:5:      layout_basic, dk_vineyard_1, chequers_serial_rivers_room_a,
          uniq_grinder, uniq_blork_the_orc, uniq_prince_ribbit1

Skill      XL: |  1  2  3  4  5  6  7 |
---------------+----------------------+-----
Axes           | 2 3 4 5 |  5.2
Armour         | 4 |  4.7
Fighting       | 4 |  4.5
Evocations     | 1 2 |  2.1
Shields        | 4 |  4.1

Action                   |  1- 3 |  4- 6 |  7- 9 || total
-------------------------+-------+-------+-------++-------
Melee: War axe           |    69 |   208 |    19 ||   296
  Use: Scroll            |     2 |     4 |     2 ||     8
       Potion            |       |       |     1 ||     1
Armor: Scale mail        |    23 |       |       ||    23
       Chain mail        |    16 |   167 |    12 ||   195
Dodge: Dodged            |    31 |    98 |     7 ||   136
Block: Buckler           |    18 |    63 |     3 ||    84

Table legend: (Time is in decaauts)
 A = Elapsed time spent in this place.
 B = Non-inter-level travel time spent in this place.
 C = Inter-level travel time spent in this place.
 D = Time resting spent in this place.
 E = Time spent auto-exploring this place.
 F = Levels seen in this place.
 G = Mean time per level.
                   A        B        C        D        E       F      G
               +--------+--------+--------+--------+--------+-----+--------+
         Total |   4075 |   4028 |     47 |    522 |   2621 |   5 |  815.0 |
       Dungeon |   4075 |   4028 |     47 |    522 |   2621 |   5 |  815.0 |
               +--------+--------+--------+--------+--------+-----+--------+

Top non-repeatable levels by time:
     D:2: 1269 daAuts
     D:3: 919 daAuts
     D:1: 871 daAuts
     D:4: 768 daAuts
     D:5: 246 daAuts
